 Dungeon Crawl Stone Soup version 0.30-a0-575-g6f4a10e2d2 (webtiles) character file.

Game seed: 1978178025730088367

17 M4edhros the Charlatan (level 2, 0/18 HPs)
             Began as an Octopode Artificer on Dec 30, 2022.
             Frozen to death by an endoplasm (3 damage)
             ... on level 2 of the Dungeon.
             The game lasted 00:00:50 (138 turns).

M4edhros the Charlatan (Octopode Artificer)          Turns: 138, Time: 00:00:50

Health: 0/18       AC:  1    Str: 11    XL:     2   Next: 62%
Magic:  2/2        EV: 13    Int: 13    God:
Gold:   29         SH:  0    Dex: 12    Spells: 1/1 levels left

rFire   . . .      SeeInvis .      - Unarmed
rCold   . . .      Faith    .    (no shield)
rNeg    . . .      Spirit   .    (helmet restricted)
rPois   .          Reflect  .    (no amulet)
rElec   .          Harm     .    (no ring)
rCorr   .          Rampage  .    (no ring)
Will    .....                    (no ring)
Stlth   +++                      (no ring)
HPRegen 0.23/turn                (no ring)
MPRegen 0.08/turn                (no ring)
                                 (no ring)
                                 (no ring)

@: no status effects
A: almost no armour, amphibious, 8 rings, camouflage 1, gelatinous body 1,
(nimble swimmer 1), tentacles
a: no special abilities


You were on level 2 of the Dungeon.
You visited 1 branch of the dungeon, and saw 2 of its levels.

You collected 29 gold pieces.

Inventory:

Wands
 b - a wand of flame (14) (quivered)
 c - a wand of charming (15)
 d - a wand of iceblast (5)
Scrolls
 a - a scroll of noise {unknown}
 e - a scroll of brand weapon {unknown}


   Skills:
 + Level 1.3 Fighting
 + Level 2.5 Dodging
 + Level 2.1 Stealth
 * Level 1.1 Unarmed Combat
 + Level 3.4 Evocations


You had one spell level left.
You didn't know any spells.
Your spell library was empty.

Dungeon Overview and Level Annotations

Branches:
Dungeon (2/15)

Altars:


Innate Abilities, Weirdness & Mutations

You cannot wear most types of armour.
You are amphibious.
You can wear up to eight rings at the same time.
Your skin changes colour to match your surroundings (Stealth+).
Your rubbery body absorbs attacks. (AC +1, EV +1)
((You are camouflaged when in or above water. (Stealth+)))
You have tentacles for arms and can constrict up to eight enemies at once.


Message History

The hobgoblin is severely wounded.
You constrict the hobgoblin. The hobgoblin hits you.
* * * LOW HITPOINT WARNING * * *
You are too injured to fight recklessly!
You are too injured to fight recklessly!
You tentacle-slap the hobgoblin but do no damage.
Your squeeze misses the hobgoblin.
The hobgoblin is almost dead.
You constrict the hobgoblin.
You kill the hobgoblin!
You barely miss the jackal. You grab the jackal.
You constrict the jackal, but do no damage.
The jackal completely misses you. The jackal misses you.
You tentacle-slap the jackal.
The jackal is moderately wounded.
You constrict the jackal. The jackal barely misses you.
You tentacle-slap the jackal but do no damage.
The jackal is severely wounded.
You constrict the jackal.
You kill the jackal!
You barely miss the endoplasm. The endoplasm hits you.
* * * LOW HITPOINT WARNING * * *
You tentacle-slap the endoplasm but do no damage.
The endoplasm freezes you.
You are frozen.
* * * LOW HITPOINT WARNING * * *
You barely miss the endoplasm. The endoplasm hits you.
* * * LOW HITPOINT WARNING * * *
You tentacle-slap the endoplasm.
You squeeze the endoplasm, but do no damage.
The endoplasm is lightly wounded.
The endoplasm barely misses you.
Aiming: Throw Flame
Press: ? - help, Shift-Dir - straight line, f - endoplasm
Aim: an endoplasm (lightly wounded, 98% to hit)
The puff of flame hits the endoplasm.
The endoplasm is severely wounded.
The endoplasm freezes you.
You are frozen.
You die...

##....).....#
............##
#########....##
##.#..#####
#.##......
#...#####
###?###
#...####
###..@.# ####J#
..# ## #... ##.
..## ##.. ...
## #.. ... .#
#.# #.#. .###.#


You could see an endoplasm.

Vanquished Creatures
  An adder (D:2)
  A giant cockroach (D:2)
  2 hobgoblins (D:2)
  2 jackals (D:2)
  A kobold (D:2)
  A rat (D:2)
8 creatures vanquished.

Notes
Turn   | Place    | Note
-------+----------+-------------------------------------------
     0 | D:1      | M4edhros the Octopode Artificer began the quest for the
                  | Orb.
     0 | D:1      | Reached XP level 1. HP: 13/13 MP: 1/1
    40 | D:2      | Reached XP level 2. HP: 16/18 MP: 2/2
   124 | D:2      | Reached skill level 1 in Unarmed Combat
   138 | D:2      | Frozen to death by an endoplasm

Illustrated notes

Levels and vault maps discovered:
D:1:      minmay_arrival_hallway, layout_rooms, minmay_tromino_v7
D:2:      layout_rooms, hellmonk_ecumenical_altar_lost_god

Skill      XL: |  1  2 |
---------------+-------+-----
Stealth        | 2 |  2.1
Unarmed Combat | 1 |  1.1
Fighting       | |  1.3
Dodging        | |  2.5
Evocations     | |  3.4

Action                   || total
-------------------------++-------
Melee: Unarmed           ||    25
       Tentacles         ||     9
       Constrict         ||     6
       Punch             ||     1
Evoke: Wand              ||     1
 Stab: Sleeping          ||     1
Armor: Skin              ||     3
Dodge: Dodged            ||    10

Table legend: (Time is in decaauts)
 A = Elapsed time spent in this place.
 B = Non-inter-level travel time spent in this place.
 C = Inter-level travel time spent in this place.
 D = Time resting spent in this place.
 E = Time spent auto-exploring this place.
 F = Levels seen in this place.
 G = Mean time per level.
                   A        B        C        D        E       F      G
               +--------+--------+--------+--------+--------+-----+--------+
         Total |    137 |    137 |      0 |      0 |     76 |   2 |   68.5 |
       Dungeon |    137 |    137 |      0 |      0 |     76 |   2 |   68.5 |
               +--------+--------+--------+--------+--------+-----+--------+

Top non-repeatable levels by time:
     D:2: 109 daAuts
     D:1: 28 daAuts
